 Dungeon Crawl Stone Soup version 0.32-a0-643-ga006e7742e (webtiles) character file.

Game seed: 9490428100453512681

11056 snarfax the Basher (level 11, -44/104 HPs)
             Began as a Minotaur Fighter on Mar 7, 2024.
             Was a High Priest of Elyvilon.
             Annihilated by a titanic slime creature (90 damage)
             ... on level 12 of the Dungeon.
             The game lasted 00:26:54 (10329 turns).

snarfax the Basher (Minotaur Fighter)              Turns: 10329, Time: 00:26:55

Health: -44/104    AC: 18    Str: 32    XL:     11   Next: 44%
Magic:  2/10       EV:  7    Int:  5    God:    Elyvilon [*****.]
Gold:   697        SH:  8    Dex:  9    Spells: 10/10 levels left

rFire   . . .        U - +0 morningstar (heavy)
rCold   + . .        x - +0 kite shield
rNeg    . . .        c - +0 plate armour
rPois   .            (helmet restricted)
rElec   .            V - +0 cloak
rCorr   .            W - +0 pair of gloves
SInv    .            (no boots)
Will    .....        A - amulet of the acrobat Stlth
                     k - +6 ring of strength
HPRegen 0.37/turn    r - ring of protection from cold
MPRegen 0.12/turn

%: acrobat
@: no status effects
A: horns 2, retaliatory headbutt
a: Renounce Religion, Purification, Heal Other, Heal Self, Divine Vigour


You were on level 12 of the Dungeon.
You worshipped Elyvilon.
Elyvilon was extremely pleased with you.
You visited 1 branch of the dungeon, and saw 12 of its levels.
You also visited: Bailey.

You collected 787 gold pieces.
You spent 90 gold pieces at shops.

Inventory:

Hand Weapons
 a - a +1 flail of protection
 y - a +4 heavy mace
 L - a +2 hand axe of flaming
 N - a +0 morningstar
 P - a +2 morningstar
 U - a +0 heavy morningstar (weapon)
Missiles
 m - 3 silver javelins
 s - 8 poisoned darts
 t - a throwing net
 S - 3 javelins
Armour
 c - a +0 plate armour (worn)
 i - a +0 chain mail
 x - a +0 kite shield (worn)
 F - the scarf of the Tanner {rC+ rF+, Int+3 Slay+3}
   (You found it in a bailey)

   Int+3:     It affects your intelligence (+3).
   Slay+3:    It affects your accuracy & damage with ranged weapons and melee
   (+3).
 V - a +0 cloak (worn)
 W - a +0 pair of gloves (worn)
Jewellery
 k - a +6 ring of strength (left hand)
 l - a ring of wizardry
 r - a ring of protection from cold (right hand)
 v - an amulet of magic regeneration
 A - an amulet of the acrobat (around neck)
 M - a +6 ring of intelligence
Wands
 q - a wand of paralysis (21)
 w - a wand of roots (20)
 B - a wand of polymorph (9)
 I - a wand of flame (24)
 R - a wand of digging (5)
 X - a wand of acid (13)
Scrolls
 e - 3 scrolls of amnesia
 j - 3 scrolls of blinking
 u - 3 scrolls of revelation
 D - a scroll of enchant armour {unknown}
 K - 3 scrolls of fog {unknown}
 O - a scroll of butterflies {unknown}
 Q - a scroll of enchant weapon {unknown}
 T - 3 scrolls of identify
 Y - 2 scrolls of immolation {unknown}
Potions
 b - a potion of brilliance {unknown}
 d - 3 potions of might
 f - 3 potions of enlightenment
 g - a potion of invisibility {unknown}
 h - 4 potions of ambrosia
 n - 4 potions of cancellation {unknown}
 o - 3 potions of degeneration
 p - 7 potions of curing {unknown}
 C - a potion of resistance {unknown}
 E - a potion of magic {unknown}
 G - 3 potions of mutation {unknown}
 H - a potion of heal wounds {unknown}
 J - a potion of attraction {unknown}
 Z - a potion of haste {unknown}


   Skills:
 + Level 12.2 Fighting
 - Level 14.0 Maces & Flails
 + Level 12.2 Armour
 - Level 5.0 Shields


You had 10 spell levels left.
You didn't know any spells.
Your spell library contained the following spells:

 Spells                   Type           Power      Damage    Failure   Level
 Apportation              Tloc           0%         N/A       99%         1
 Magic Dart               Conj           0%         1d3       99%         1
 Necrotise                Necr           0%         1d4       99%         1
 Sting                    Conj/Alch      0%         1d3       99%         1
 Summon Small Mammal      Summ           0%         N/A       99%         1
 Searing Ray              Conj           0%         2d4       100%        2
 Dazzling Flash           Conj/Hex       0%         N/A       100%        3
 Hailstorm                Conj/Ice       0%         3d5       100%        3
 Summon Ice Beast         Ice/Summ       0%         N/A       100%        3
 Volatile Blastmotes      Fire/Tloc      0%         2d10      100%        3
 Brom's Barrelling Bould  Conj/Erth      0%         2d3       100%        4
 Fulminant Prism          Conj/Alch      0%         3d5       100%        4
 Fireball                 Conj/Fire      0%         3d3       100%        5
 Iskenderun's Battlesphe  Conj           0%         2d6       100%        5
 Bombard                  Conj/Erth      0%         9d1       100%        6
 Conjure Ball Lightning   Conj/Air       0%         3x3d6     100%        6
 Sculpt Simulacrum        Ice/Alch       0%         N/A       100%        6
 Starburst                Conj/Fire      0%         6d3       100%        6
 Orb of Destruction       Conj           0%         9d5       100%        7
 Spellforged Servitor     Conj/Summ      0%         N/A       100%        7
 Maxwell's Capacitive Co  Air            0%         ∞         100%        8


Dungeon Overview and Level Annotations

Branches:
Dungeon (12/15)            Temple (0/1) D:6            Lair (0/5) D:9
    Orc (0/2) D:11         Bailey (visited)

Altars:
Ashenzari
Elyvilon
Fedhas
Kikubaaqudgha
Makhleb
Yredelemnul

Shops:
D:2 ?(:   D:8 (*[

Annotations:
D:3 2 transporters


Innate Abilities, Weirdness & Mutations

You have a pair of horns on your head.
You reflexively headbutt those who attack you in melee.


Message History

Press: ? - help, Q - select action, (/) - cycle Shift-Dir - straight line, f/p - titanic slime creature
Aim: a titanic slime creature (moderately wounded, 82% to hit)
You throw a curare-tipped dart.
The curare-tipped dart hits the titanic slime creature.
The titanic slime creature is moderately wounded.
You crush the titanic slime creature like a grape!!!
You headbutt the titanic slime creature!
The titanic slime creature is heavily wounded.
The titanic slime creature hits you!
You sock the titanic slime creature!
The titanic slime creature is heavily wounded.
The titanic slime creature hits you!!!
* * * LOW HITPOINT WARNING * * *
You perforate the titanic slime creature like a sieve!!!
The titanic slime creature is severely wounded.
You block the titanic slime creature's attack.
You impale the titanic slime creature!!
You headbutt the titanic slime creature.
The titanic slime creature is severely wounded.
The titanic slime creature barely misses you.
You furiously retaliate!
You headbutt the titanic slime creature.
The titanic slime creature hits you!!! Elyvilon protects you from harm!
You are healed.
You block the titanic slime creature's attack.
You are healed.
The titanic slime creature barely misses you.
You impale the titanic slime creature!!
You headbutt the titanic slime creature!
The titanic slime creature is almost dead.
The titanic slime creature hits you!!!
* * * LOW HITPOINT WARNING * * *
You fail to use your ability.
You block the titanic slime creature's attack.
You are healed.
You block the titanic slime creature's attack.
You are healed.
The titanic slime creature hits you!!!!
Ouch! That really hurt!
You die...

#..##.. #.......#....#...
....... #+## ##..#####....#...
......##..####..#........#...
#............#........#...
#............#........#.##
.................#....#+###.##
.........D..(D...#....#......#
.......##..##J####....#......#
....... #..##@#.......###'####
...##.. #.....#.......[.......
... #D. #.....#...............
.. ...########...............
#.........###+#........
+.........#...#........
#.........#...#........
#.........#...#........
#....##'###...#####.###


You could see a titanic slime creature and an acid dragon.

Vanquished Creatures
  A two-headed ogre (D:11)
  Pikel (D:4)
  A deep elf pyromancer (Bailey)
  An orc knight (Bailey)
  A cyclops (D:11)
  A manticore (D:11)
  A gargoyle (D:8)
  A komodo dragon (D:11)
  Maggie (D:10)
  4 trolls
  A slime creature (D:12)
  A vampire (D:9)
  A wraith (D:11)
  A shadow (D:10)
  17 yaks
  A wyvern (D:9)
  A steam dragon (D:8)
  An acid dragon (D:9)
  2 water moccasins
  5 orc warriors (Bailey)
  2 ice beasts
  A sky beast (D:5)
  An ogre (D:3)
  2 centaurs
  A lemure (D:4)
  A phantom (D:7)
  2 kobold brigands
  2 bullfrogs (D:7)
  2 gnoll sergeants
  4 scorpions
  5 wights (D:9)
  8 killer bees
  A howler monkey (D:12)
  A bombardier beetle (D:3)
  5 hounds
  2 jellies (D:6)
  3 orc priests
  A sleepcap (D:5)
  5 iguanas
  4 orc wizards
  10 gnolls
  3 adders
  A shadow imp (D:8)
  2 ufetubi
  A dart slug (D:3)
  2 ribbon worms
  23 orcs
  4 ball pythons
  4 endoplasms
  2 giant cockroaches
  3 goblins
  5 hobgoblins
  3 jackals (D:3)
  3 quokkas
  4 bats
  2 frilled lizards
  8 kobolds
  3 rats
180 creatures vanquished.

Notes
Turn   | Place    | Note
-------+----------+-------------------------------------------
     0 | D:1      | snarfax the Minotaur Fighter began the quest for the Orb.
     0 | D:1      | Reached XP level 1. HP: 19/19 MP: 0/0
   266 | D:1      | Reached XP level 2. HP: 27/27 MP: 1/1
   712 | D:2      | Found Zimp's Book Shop.
   737 | D:2      | Reached skill level 3 in Maces & Flails
   884 | D:2      | Found Wegex's Antique Weapon Shop.
   925 | D:2      | Found Kiroora's Magic Scroll Boutique.
   950 | D:2      | Bought a scroll of blinking for 90 gold pieces
  1279 | D:3      | Reached XP level 3. HP: 26/33 MP: 2/2
  1307 | D:3      | Found a white marble altar of Elyvilon.
  1374 | D:3      | Became a worshipper of Elyvilon the Healer
  1426 | D:3      | Found a burning altar of Makhleb.
  1458 | D:3      | Noticed a scorpion
  1459 | D:3      | Found a transporter.
  1459 | D:3      | Found a basalt altar of Yredelemnul.
  1476 | D:3      | Reached XP level 4. HP: 40/40 MP: 3/3
  1780 | D:3      | Reached skill level 4 in Maces & Flails
  1887 | D:3      | Reached * piety under Elyvilon
  1892 | D:3      | Found a transporter.
  2002 | D:3      | Noticed an ogre
  2007 | D:3      | Killed an ogre
  2008 | D:3      | Reached XP level 5. HP: 47/47 MP: 4/4
  2192 | D:4      | Reached skill level 5 in Maces & Flails
  2282 | D:4      | Found a broken altar of Ashenzari.
  2371 | D:4      | Reached ** piety under Elyvilon
  2803 | D:4      | Noticed a lemure
  2815 | D:4      | Killed a lemure
  2816 | D:4      | Noticed Pikel
  2820 | D:4      | Noticed a lemure
  2821 | D:4      | Noticed a lemure
  2822 | D:4      | Killed Pikel
  2823 | D:4      | Reached skill level 5 in Fighting
  2823 | D:4      | Reached skill level 7 in Maces & Flails
  2823 | D:4      | Reached skill level 5 in Armour
  2823 | D:4      | Reached skill level 5 in Shields
  2823 | D:4      | Reached XP level 6. HP: 36/57 MP: 5/5
  2823 | D:4      | Reached XP level 7. HP: 39/62 MP: 6/6
  3240 | D:5      | Entered Level 5 of the Dungeon
  3664 | D:5      | Reached skill level 8 in Maces & Flails
  3664 | D:5      | Reached XP level 8. HP: 70/70 MP: 7/7
  4262 | D:6      | Reached *** piety under Elyvilon
  4293 | D:6      | Reached skill level 9 in Maces & Flails
  4321 | D:6      | Found a staircase to the Ecumenical Temple.
  4916 | D:7      | Reached skill level 10 in Maces & Flails
  4969 | D:7      | Reached XP level 9. HP: 74/80 MP: 8/8
  5154 | D:7      | Reached **** piety under Elyvilon
  5348 | D:8      | Found a blossoming altar of Fedhas.
  5537 | D:8      | Found a flagged portal.
  5599 | Bailey   | Entered a bailey
  5666 | Bailey   | HP: 2/81 [orc warrior/+0 glaive (21)]
  5893 | Bailey   | Found a large runed translucent door.
  5893 | Bailey   | Found a large runed translucent door.
  5894 | Bailey   | Noticed a deep elf pyromancer
  5919 | Bailey   | Noticed an orc knight
  5937 | Bailey   | Killed an orc knight
  5938 | Bailey   | Reached skill level 11 in Maces & Flails
  6075 | Bailey   | Killed a deep elf pyromancer
  6089 | Bailey   | Identified the scarf of the Tanner {rC+ rF+, Int+3 Slay+3}
  6187 | D:8      | Found Birrom's Assorted Antiques.
  6254 | D:8      | Found Kakleit's Antique Weapon Shop.
  6268 | D:8      | Reached skill level 12 in Maces & Flails
  6452 | D:8      | Noticed a gargoyle
  6459 | D:8      | Killed a gargoyle
  6460 | D:8      | Reached XP level 10. HP: 60/91 MP: 9/9
  6870 | D:8      | Found Qalusiun's Armour Emporium.
  7089 | D:9      | Found a staircase to the Lair.
  7286 | D:9      | Reached skill level 13 in Maces & Flails
  7482 | D:9      | Reached skill level 10 in Armour
  7502 | D:9      | Reached skill level 10 in Fighting
  7876 | D:10     | Entered Level 10 of the Dungeon
  7878 | D:10     | Noticed Maggie
  7892 | D:10     | Killed Maggie
  7964 | D:10     | Reached skill level 14 in Maces & Flails
  8391 | D:10     | Reached ***** piety under Elyvilon
  8632 | D:10     | Reached XP level 11. HP: 39/101 MP: 10/10
  9441 | D:11     | Found a staircase to the Orcish Mines.
  9473 | D:11     | Noticed a two-headed ogre
  9492 | D:11     | Killed a two-headed ogre
 10032 | D:12     | Found an ancient bone altar of Kikubaaqudgha.
 10323 | D:12     | Elyvilon protects you from harm!
 10326 | D:12     | HP: 3/104 [titanic slime creature (39)]
 10329 | D:12     | Annihilated by a titanic slime creature

Illustrated notes

Levels and vault maps discovered:
D:1:      saegor_arrival_simple_d, layout_loops_ring, minmay_fountain_box
D:2:      layout_basic, serial_shops, shop, nicolae_shop_gibbet_a_chance, shop
D:3:      layout_loops_ring, bloody_makhleb, gammafunk_temple_overflow_arena,
          elyvilon_altar_5
D:4:      layout_basic, nicolae_ashenzari_panopticon, uniq_pikel
D:5:      layout_loops_ring, chequers_mini_garden
D:6:      layout_rooms, minmay_temple_entry_mini_moons
D:7:      nicolae_BIG_FREAKIN_CUBE, layout_cave_pools
D:8:      layout_basic, mainiacjoe_overflow_small_starburst, enter_bailey_8,
          serial_shops, kennysheep_mini_moat, shop_fountains, shop
D:9:      layout_roguey, lair_entry_dummy, roderic_roman_lattice,
          mrwooster_statue_mirror
D:10:     layout_grid_maze, uniq_maggie
D:11:     layout_small_grid, orc_0_dummy
D:12:     layout_gridville, nicolae_kikubaaqudgha_miasma_corner

Skill      XL: |  1  2  3  4  5  6  7  8  9 10 11 |
---------------+----------------------------------+-----
Maces & Flails | 3 4 7 8 10 12 14 | 14.0
Fighting       | 4 5 6 7 9 10 12 | 12.2
Armour         | 4 5 6 7 9 10 12 | 12.2
Shields        | 4 5 |  5.0

Action                     |  1- 3 |  4- 6 |  7- 9 | 10-12 || total
---------------------------+-------+-------+-------+-------++-------
  Melee: Flail             |    66 |    55 |   137 |       ||   258
         Headbutt          |     5 |     5 |    35 |    40 ||    85
         Mace              |       |       |    60 |    15 ||    75
         Morningstar       |       |       |       |   153 ||   153
  Throw: Javelin           |       |     3 |     3 |       ||     6
         Dart              |       |       |     7 |    18 ||    25
 Invoke: Heal Self         |       |       |     3 |     6 ||     9
    Use: Scroll            |     7 |       |     2 |     1 ||    10
         Potion            |       |       |     3 |       ||     3
 Armour: Scale mail        |    31 |       |       |       ||    31
         Chain mail        |       |    30 |   155 |       ||   185
         Plate armour      |       |       |     8 |   174 ||   182
  Dodge: Dodged            |    22 |    20 |    99 |    78 ||   219
  Block: Buckler           |    12 |    12 |    22 |       ||    46
         Kite shield       |       |       |    44 |   100 ||   144

Table legend: (Time is in decaauts)
 A = Elapsed time spent in this place.
 B = Non-inter-level travel time spent in this place.
 C = Inter-level travel time spent in this place.
 D = Time resting spent in this place.
 E = Time spent auto-exploring this place.
 F = Levels seen in this place.
 G = Mean time per level.
                   A        B        C        D        E       F      G
               +--------+--------+--------+--------+--------+-----+--------+
         Total |  10450 |  10191 |    259 |    557 |   7846 |  13 |  803.8 |
       Dungeon |   9853 |   9594 |    259 |    372 |   7785 |  12 |  821.1 |
        Bailey |    597 |    597 |      0 |    184 |     61 |   1 |  597.0 |
               +--------+--------+--------+--------+--------+-----+--------+

Top non-repeatable levels by time:
     D:4: 1206 daAuts
    D:10: 1170 daAuts
     D:8: 1124 daAuts
    D:11: 998 daAuts
     D:5: 947 daAuts
     D:9: 845 daAuts
     D:3: 808 daAuts
     D:1: 686 daAuts
     D:7: 666 daAuts
  Bailey: 597 daAuts
     D:2: 571 daAuts
     D:6: 516 daAuts
    D:12: 314 daAuts
